 Dungeon Crawl Stone Soup version 0.27.0-1-g7a089689b8 (webtiles) character file.

Game seed: 11825577068032999871

224 horus123 the Skirmisher (level 6, -9/56 HPs)
             Began as a Hill Orc Fighter on Aug 16, 2021.
             Mangled by Crazy Yiuf (14 damage)
             ... on level 3 of the Dungeon.
             The game lasted 00:05:13 (2504 turns).

horus123 the Skirmisher (Hill Orc Fighter)          Turns: 2504, Time: 00:05:14

Health: -9/56      AC: 13    Str: 21    XL:     6   Next: 0%
Magic:  6/6        EV:  4    Int:  8    God:
Gold:   133        SH: 11    Dex: 10    Spells: 5/5 levels left

rFire    . . .     SeeInvis .   a - +3 war axe
rCold    . . .     Faith    .   h - +2 kite shield {rPois}
rNeg     . . .     Spirit   .   m - +0 plate armour
rPois    +         Reflect  .   c - +1 helmet
rElec    .         Harm     .   (no cloak)
rCorr    .         Rampage  .   (no gloves)
Will     .....                  (no boots)
Stlth    ..........             (no amulet)
HPRegen  0.18/turn              (no ring)
MPRegen  0.10/turn              (no ring)

@: lethally poisoned (-9 -> -14)
A: no striking features
a: no special abilities


You were on level 3 of the Dungeon.
You visited 1 branch of the dungeon, and saw 3 of its levels.

You collected 133 gold pieces.

Inventory:

Hand Weapons
 a - a +3 war axe (weapon)
Armour
 b - a +0 scale mail
 c - a +1 helmet (worn)
 h - a +2 kite shield of poison resistance (worn)
 m - a +0 plate armour (worn)
Wands
 f - a wand of flame (5)
 g - a wand of digging (3)
Scrolls
 k - a scroll of vulnerability {unknown}
Potions
 d - a potion of might
 e - a potion of heal wounds
 i - 2 potions of brilliance
 j - a potion of attraction {unknown}
 l - a potion of cancellation


   Skills:
 + Level 5.2 Fighting
 + Level 4.9 Axes
 + Level 3.9 Armour
 + Level 1.0 Dodging
 + Level 4.2 Shields


You had 5 spell levels left.
You didn't know any spells.
Your spell library contained the following spells:

 Spells                   Type           Power      Damage    Failure   Level
 Corona                   Hex            0%         N/A       100%        1
 Ensorcelled Hibernation  Hex/Ice        0%         N/A       100%        2
 Tukima's Dance           Hex            0%         N/A       100%        3
 Alistair's Intoxication  Tmut/Pois      0%         N/A       100%        5
 Borgnjor's Vile Clutch   Necr/Erth      0%         N/A       100%        5
 Eringya's Noxious Bog    Tmut/Pois      0%         N/A       100%        6


Dungeon Overview and Level Annotations

Branches:
Dungeon (3/15)

Altars:

Annotations:
D:3 Crazy Yiuf


Message History

You miss the goblin. The goblin hits you but does no damage.
You block the goblin's attack.
You slash the goblin!
You kill the goblin!
No target in view!
Things that are here:
a +0 dagger; a goblin corpse
Found a mace.
Found a runed translucent door.
Crazy Yiuf shouts!
You open the door.
Crazy Yiuf says, "Mountain!
Trifle tortoise water."
Your plate armour prevents you from hitting Crazy Yiuf.
Crazy Yiuf drinks a potion.
Crazy Yiuf goes berserk!
You completely miss Crazy Yiuf.
Crazy Yiuf hits you with a +3 quarterstaff of chaos.
Crazy Yiuf hits you with a +3 quarterstaff of chaos!
Crazy Yiuf freezes you. You block Crazy Yiuf's attack.
You barely miss Crazy Yiuf.
Crazy Yiuf hits you with a +3 quarterstaff of chaos. x2
Crazy Yiuf burns you.
Cleave: a) +3 war axe
Press: ? - help, Dir - move target Your weapon can't reach that far!
Okay, then.
You barely miss Crazy Yiuf.
Crazy Yiuf hits you with a +3 quarterstaff of chaos!
You are poisoned.
Crazy Yiuf hits you with a +3 quarterstaff of chaos!
* * * LOW HITPOINT WARNING * * *
You slash Crazy Yiuf!
Crazy Yiuf is moderately wounded.
* * * LOW HITPOINT WARNING * * *
You feel very sick. You block Crazy Yiuf's attack. x2
You hit Crazy Yiuf but do no damage.
Crazy Yiuf is moderately wounded.
* * * LOW HITPOINT WARNING * * *
You feel very sick.
Crazy Yiuf hits you with a +3 quarterstaff of chaos!
You die...

*,,,,,,,,,,,,,*****,*,##.####.###
,,,,,,,,,,***** *,*,...........
****,####,* *,*,#######.##.
,,,,,,..#** *****#......##.
,***,*#.# #####.†##. ,*
*,*#.##♣♣♣♣♣ *,..#..##. ,*
*,*#..#..♣.♣♣♣**### **#.#..##. ,*
#,##......♣..♣#...# #.#..##. ,*
#.#.....♣♣♣♣♣@g...# ###.#..... ,*
#.#...#.♣ ♣♣#..)# #......... ,*
#....##♣♣ **### ###.#..... ,*
###.## ###....#.. ,*** #>.#
#........) ,,,* #.#### #####
##......... ,*,* #)##.#
#.#.###.####.##.#
##.###.##.#######.#.......#....†.
......†...........#.#...#.#..##..


You could see Crazy Yiuf (berserk).

Vanquished Creatures
  Natasha (thrice) (D:3)
  Robin (D:3)
  4 adders (D:2)
  A worm (D:2)
  An orc (D:3)
  8 ball pythons
  4 endoplasms (D:2)
  4 giant cockroaches
  18 goblins
  3 hobgoblins
  17 jackals
  3 quokkas
  8 bats
  6 frilled lizards
  3 kobolds
  4 rats
88 creatures vanquished.

Notes
Turn   | Place    | Note
-------+----------+-------------------------------------------
     0 | D:1      | horus123 the Hill Orc Fighter began the quest for the Orb.
     0 | D:1      | Reached XP level 1. HP: 19/19 MP: 1/1
   389 | D:1      | Reached XP level 2. HP: 27/27 MP: 2/2
   476 | D:1      | Reached skill level 4 in Fighting
   728 | D:1      | Reached XP level 3. HP: 33/33 MP: 3/3
  1175 | D:2      | Reached XP level 4. HP: 40/40 MP: 4/4
  1743 | D:3      | Noticed Natasha
  1754 | D:3      | Killed Natasha
  1755 | D:3      | Reached XP level 5. HP: 47/47 MP: 5/5
  1827 | D:3      | Reached skill level 1 in Dodging
  1908 | D:3      | Noticed Natasha
  1915 | D:3      | Killed Natasha
  2078 | D:3      | Noticed Robin
  2082 | D:3      | Reached skill level 5 in Fighting
  2088 | D:3      | Killed Robin
  2294 | D:3      | Noticed Natasha
  2303 | D:3      | Killed Natasha
  2474 | D:3      | Reached XP level 6. HP: 54/56 MP: 6/6
  2494 | D:3      | Found a runed translucent door.
  2495 | D:3      | Noticed Crazy Yiuf
  2504 | D:3      | Mangled by Crazy Yiuf

Illustrated notes

Levels and vault maps discovered:
D:1:      lemuel_arrival_room, layout_rooms
D:2:      minmay_inner_zag, layout_loops_cross,
          hellmonk_ecumenical_altar_leap_of_faith
D:3:      kennysheep_goblin_castle, layout_basic, uniq_natasha,
          uniq_crazy_yiuf_cottage

Skill      XL: |  1  2  3  4  5 |
---------------+----------------+-----
Axes           | 3 4 |  4.9
Fighting       | 4 5 |  5.2
Shields        | 4 |  4.2
Dodging        | 1 |  1.0
Armour         | |  3.9

Action                   |  1- 3 |  4- 6 || total
-------------------------+-------+-------++-------
Melee: War axe           |    97 |   154 ||   251
  Use: Scroll            |       |     9 ||     9
Armor: Scale mail        |    57 |    26 ||    83
       Plate armour      |       |    71 ||    71
Dodge: Dodged            |    41 |    38 ||    79
Block: Kite shield       |    81 |   102 ||   183
